 Dungeon Crawl Stone Soup version 0.30.0-18-gc0e69614cb (webtiles) character file.

Game seed: 1933424775691128539

9 CaptainMV the Caller (level 2, -3/21 HPs)
             Began as a Demonspawn Wanderer on May 25, 2023.
             Slain by a kobold
             ... wielding a +0 short sword
              (4 damage)
             ... on level 1 of the Dungeon.
             The game lasted 00:02:51 (94 turns).

CaptainMV the Caller (Demonspawn Wanderer)            Turns: 94, Time: 00:02:53

Health: -3/21      AC:  3    Str: 12    XL:     2   Next: 3%
Magic:  1/5        EV: 12    Int: 12    God:
Gold:   0          SH:  0    Dex: 15    Spells: 4/5 levels left

rFire   . . .        a - +0 dagger
rCold   . . .        (no shield)
rNeg    . . .        c - +0 robe
rPois   .            d - +0 helmet
rElec   .            (no cloak)
rCorr   .            (no gloves)
SInv    .            (no boots)
Will    .....        (no amulet)
Stlth   +++          (no ring)
HPRegen 0.23/turn    (no ring)
MPRegen 0.09/turn

%: no passive effects
@: no status effects
A: thin skeletal structure 1
a: no special abilities


You were on level 1 of the Dungeon.
You visited 1 branch of the dungeon, and saw 1 of its levels.

Inventory:

Hand Weapons
 a - a +0 dagger (weapon)
Armour
 c - a +0 robe (worn)
 d - a +0 helmet (worn)


   Skills:
 + Level 1.2 Fighting
 + Level 1.1 Dodging
 + Level 2.1 Stealth
 + Level 2.1 Spellcasting
 + Level 3.0 Summonings
 + Level 1.1 Necromancy


You had 4 spell levels left.
You knew the following spells:

 Your Spells              Type           Power      Damage    Failure   Level
a - Necrotise             Necr           12%        1d4       17%         1

Your spell library contained the following spells:

 Spells                   Type           Power      Damage    Failure   Level
 Summon Small Mammal      Summ           32%        N/A       8%          1
 Call Imp                 Summ           16%        N/A       12%         2
 Cigotuvi's Dreadful Rot  Necr/Pois/Air  4%         N/A       34%         2
 Vampiric Draining        Necr           3%         2d6       45%         3
 Animate Armour           Summ/Erth      8%         N/A       82%         4
 Dispel Undead            Necr           3%         3d7       86%         4
 Death Channel            Necr           1%         N/A       100%        6


Dungeon Overview and Level Annotations

Branches:
Dungeon (1/15)

Altars:


Innate Abilities, Weirdness & Mutations

You have a somewhat thin skeletal structure. (Dex +2, Stealth+)


Message History

Your bat skeleton hits the kobold but does no damage.
Casting: Necrotise (safe; 17% risk of failure)
Confirm with . or Enter, or press ? or * to list all spells.
You don't have enough magic to cast this spell.
A dart slug, a jackal, a giant cockroach and a ball python come into view.
Your bat skeleton hits the kobold but does no damage.
A jackal comes into view.
Your bat skeleton closely misses the kobold.
The ball python bites your goblin skeleton.
The ball python grabs your goblin skeleton.
The ball python constricts your goblin skeleton.
Your goblin skeleton closely misses the ball python.
The kobold hits you with a +0 short sword.
* * * LOW HITPOINT WARNING * * *
The dart slug launches a dart at you. The slug dart hits your bat skeleton.
As you read the scroll of fog, it crumbles to dust.
The scroll dissolves into smoke.
Your bat skeleton hits the kobold but does no damage.
Your hobgoblin skeleton hits the ball python.
The ball python bites your goblin skeleton.
Your goblin skeleton is destroyed!
A hobgoblin comes into view.
You hit the ball python.
The ball python is heavily wounded.
Your bat skeleton hits the kobold.
The ball python closely misses you. The ball python barely misses you.
The jackal bites you but does no damage.
Your hobgoblin skeleton hits the ball python.
Your bat skeleton barely misses the kobold.
The kobold hits you with a +0 short sword.
* * * LOW HITPOINT WARNING * * *
You hit the ball python.
You kill the ball python!
Your bat skeleton hits the kobold.
Your bat skeleton barely misses the kobold.
The jackal closely misses you. The jackal bites your bat skeleton.
The kobold barely misses your bat skeleton.
The kobold hits you with a +0 short sword.
You die...

#.....####
#........#.....
#....##.......
#.>.##.....# #.#..##....#
##
#####.##.##....#######...
#...#.##..#....##........
......###.###..##§.......
......###.)....Z@ZK..Z..w
...............#Khh.K.S..
..†...######...§#§B..B...
....)## #....§§§......
......# ##....h.......
....(.# ###..########
......# ##g# .....## #..
#...## #.


You could see 2 jackals, a giant cockroach, 2 kobolds, a friendly bat skeleton
and a friendly hobgoblin skeleton.

Vanquished Creatures
  A ball python (D:1)
  2 bats (D:1)
  A giant cockroach (D:1)
  A goblin (D:1)
  A hobgoblin (D:1)
  A rat (D:1)
7 creatures vanquished.

Vanquished Creatures (collateral kills)
  A giant cockroach (D:1)
1 creature vanquished.

Grand Total: 8 creatures vanquished

Notes
Turn   | Place    | Note
-------+----------+-------------------------------------------
     0 | D:1      | CaptainMV the Demonspawn Wanderer began the quest for the
                  | Orb.
     0 | D:1      | CaptainMV set off with the following items: a +0 dagger, a
                  | scroll of fog, a +0 robe, a +0 helmet; and the following
                  | spells available to memorise: Summon Small Mammal, Call
                  | Imp, Necrotise, Vampiric Draining, Animate Armour.
     0 | D:1      | Reached XP level 1. HP: 15/15 MP: 3/3
     2 | D:1      | Learned a level 1 spell: Necrotise
    89 | D:1      | Gained mutation: You have a somewhat thin skeletal
                  | structure. (Dex +2, Stealth+) [demonic ancestry]
    89 | D:1      | Reached XP level 2. HP: 6/21 MP: 0/5
    93 | D:1      | HP: 1/21 [kobold/+0 short sword (3)]
    94 | D:1      | Slain by a kobold

Illustrated notes

Levels and vault maps discovered:
D:1:      minmay_arrival_jagged, layout_rooms

Skill      XL: |  1 |
---------------+----+-----
Stealth        | 2 |  2.1
Fighting       | |  1.2
Dodging        | |  1.1
Spellcasting   | |  2.1
Summonings     | |  3.0
Necromancy     | |  1.1

Action                     || total
---------------------------++-------
  Melee: Dagger            ||    33
   Cast: Necrotise         ||     8
    Use: Scroll            ||     2
 Armour: Robe              ||    11
  Dodge: Dodged            ||    29
